 Dungeon Crawl Stone Soup version 0.27.0 (webtiles) character file.

Game seed: 13434568169779023577

160 RubberyChicken the Chopper (level 5, -7/48 HPs)
             Began as a Minotaur Fighter on July 30, 2021.
             Was a Believer of Ru.
             Mangled by a gnoll (10 damage)
             ... on level 4 of the Dungeon.
             The game lasted 00:03:57 (3527 turns).

RubberyChicken the Chopper (Minotaur Fighter)       Turns: 3527, Time: 00:03:58

Health: -7/48      AC:  9    Str: 22      XL:     5   Next: 17%
Magic:  13/13      EV:  7    Int:  2 (5)  God:    Ru [**....]
Gold:   111        SH:  9    Dex:  7 (9)  Spells: 4/4 levels left

rFire    . . .     SeeInvis .   a - +0 war axe
rCold    . . .     Faith    .   c - +0 kite shield
rNeg     . . .     Spirit   .   b - +0 scale mail
rPois    .         Reflect  .   (helmet restricted)
rElec    .         Harm     .   j - +0 cloak
rCorr    .         Rampage  .   (no gloves)
Will     .....                  e - +0 pair of boots
Stlth    ..........             (no amulet)
HPRegen  0.16/turn              i - ring of magical power
MPRegen  0.13/turn              h - ring of flight

@: unable to read, flying
A: horns 2, inability to read while threatened, no stealth, retaliatory headbutt
a: Renounce Religion


You were on level 4 of the Dungeon.
You worshipped Ru.
Ru was pleased with you.
You visited 1 branch of the dungeon, and saw 4 of its levels.

You collected 111 gold pieces.

Inventory:

Hand Weapons
 a - a +0 war axe (weapon)
Missiles
 k - 2 boomerangs (quivered)
Armour
 b - a +0 scale mail (worn)
 c - a +0 kite shield (worn)
 e - a +0 pair of boots (worn)
 j - a +0 cloak (worn)
Jewellery
 h - a ring of flight (right hand)
 i - a ring of magical power (left hand)
Wands
 f - a wand of flame (14)
Scrolls
 n - a scroll of identify {unknown}
Potions
 d - a potion of might
 o - a potion of heal wounds {unknown}
 p - a potion of brilliance {unknown}


   Skills:
 + Level 5.0 Fighting
 * Level 5.5 Axes
 - Level 3.6 Armour
 - Level 3.6 Shields


You had 4 spell levels left.
You didn't know any spells.
Your spell library contained the following spells:

 Spells                   Type           Power      Damage    Failure   Level
 Apportation              Tloc           0%         N/A       100%        1
 Sandblast                Erth           0%         2d4       100%        1
 Alistair's Intoxication  Tmut/Pois      0%         N/A       100%        5
 Invisibility             Hex            0%         N/A       100%        6


Dungeon Overview and Level Annotations

Branches:
Dungeon (4/15)
 Temple: D:4-7

Altars:
Ashenzari
Kikubaaqudgha
Ru
Sif Muna
Vehumet
Xom

Annotations:
D:4 Sigmund


Innate Abilities, Weirdness & Mutations

You have a pair of horns on your head.
You sometimes lose the ability to read scrolls when taking damage.
You cannot be stealthy.
You reflexively headbutt those who attack you in melee.


Message History

You block the hobgoblin's attack. 3 gnolls come into view.
The gnoll shouts! x3; You hear a shout! x2
Sigmund the Dreaded comes into view.
He is wielding a +0 scythe and carrying a wand of polymorph (8).
Sigmund shouts!
A gnoll comes into view. It is wielding a +0 whip.
The gnoll shouts!
Sigmund begins to cast a spell, but is stunned by your conviction!
Sigmund hits you with a +0 scythe!
You feel threatened and lose the ability to read scrolls!
* * * LOW HITPOINT WARNING * * *
Okay, then.
You cannot read scrolls in your current state!
It was a potion of magic.
Magic courses through your body.
You can read scrolls again.
A gnoll shaman comes into view. It is wielding a +0 whip.
Sigmund zaps a wand.
You turn into a sentient fungus.
Your +0 war axe melds into your body.
Your +0 cloak melds into your body.
Your +0 pair of boots melds into your body.
Your +0 kite shield melds into your body.
Your +0 scale mail melds into your body.
It was a potion of invisibility.
You fade into invisibility!
The hobgoblin barely misses you. The jelly barely misses you.
Sigmund closely misses you.
You are very lightly contaminated with residual magic.
It was a potion of cancellation.
Your magical effects are unravelling.
You feel magically purged.
Your magical contamination has completely faded away.
You stop sporulating.
Your +0 war axe unmelds from your body.
Your +0 cloak unmelds from your body.
Your +0 pair of boots unmelds from your body.
Your +0 kite shield unmelds from your body.
Your +0 scale mail unmelds from your body.
You flicker back into view.
You are no longer corroded.
You block the hobgoblin's attack.
The gnoll hits you from afar with a +0 halberd!
You feel threatened and lose the ability to read scrolls!
You die...

#.##.## #.....#####.#..#.
......#...#.#..[#
##......#.....#..
......###...###.
######### #.....#.....#..
#......g# #...#...#.!...#
#.#####g####+#...........
#.#...gJ@...............#
#....g#@####....#.....#..
#######g# #...###...###.
.g# #....#.....#.. ....
..............#
........####...#...##
......... #########
..........


You could see Sigmund, a gnoll shaman, a jelly, 3 gnolls and 2 hobgoblins.

Vanquished Creatures
  Jessica (D:3)
  An orc wizard (D:3)
  3 adders
  4 worms
  A dart slug (D:2)
  4 orcs (D:3)
  2 ball pythons (D:1)
  6 endoplasms
  3 giant cockroaches
  6 goblins
  9 hobgoblins
  6 kobolds
  3 quokkas
  7 bats
  4 frilled lizards
  6 rats
66 creatures vanquished.

Vanquished Creatures (others)
  2 plants (D:3)
2 creatures vanquished.

Grand Total: 68 creatures vanquished

Notes
Turn   | Place    | Note
-------+----------+-------------------------------------------
     0 | D:1      | RubberyChicken the Minotaur Fighter began the quest for the
                  | Orb.
     0 | D:1      | Reached XP level 1. HP: 19/19 MP: 0/0
    52 | D:1      | Found a faded altar of an unknown god.
    57 | D:1      | Got Plato's Volume of the Mountains
    58 | D:1      | Became a worshipper of Ru the Awakened
    82 | D:1      | Gained mutation: You sometimes lose the ability to read
                  | scrolls when taking damage. [Ru sacrifice]
    82 | D:1      | Reached * piety under Ru
   298 | D:1      | Reached XP level 2. HP: 25/27 MP: 1/1
  1151 | D:2      | Reached XP level 3. HP: 23/33 MP: 2/2
  1520 | D:2      | Found a broken altar of Ashenzari.
  2057 | D:3      | Reached XP level 4. HP: 12/41 MP: 3/3
  2310 | D:3      | Reached skill level 5 in Axes
  2423 | D:3      | Found a broken altar of Ashenzari.
  2457 | D:3      | Noticed Jessica
  2473 | D:3      | Killed Jessica
  2799 | D:3      | Reached XP level 5. HP: 39/47 MP: 4/4
  2867 | D:3      | Reached skill level 5 in Fighting
  3173 | D:3      | Found a shimmering altar of Xom.
  3173 | D:3      | Found an ancient bone altar of Kikubaaqudgha.
  3179 | D:3      | Found a radiant altar of Vehumet.
  3181 | D:3      | Found a shimmering blue altar of Sif Muna.
  3433 | D:4      | Gained mutation: You cannot be stealthy. [Ru sacrifice]
  3433 | D:4      | Reached ** piety under Ru
  3522 | D:4      | Noticed Sigmund
  3524 | D:4      | HP: 2/48 [Sigmund (13)]
  3527 | D:4      | Mangled by a gnoll

Illustrated notes

Levels and vault maps discovered:
D:1:      mrwooster_arrival_statue, layout_basic,
          shapermc_ecumenical_altar_rom_forum
D:2:      layout_basic, basic_altar
D:3:      layout_loops_cross, ashenzari_conservatory_becter, minitemple,
          nrook_mini_vaults, serial_bayou_ford_a, hangedman_decor_push,
          uniq_jessica
D:4:      layout_basic, lemuel_tele_altar, minmay_strange_pillars, uniq_sigmund

Skill      XL: |  1  2  3  4  5 |
---------------+----------------+-----
Axes           | 3 4 5 |  5.5
Fighting       | 4 5 |  5.0
Armour         | |  3.6
Shields        | |  3.6

Action                   |  1- 3 |  4- 6 || total
-------------------------+-------+-------++-------
Melee: War axe           |   102 |    61 ||   163
       Headbutt          |    14 |     8 ||    22
Invok: Sacrifice Words   |     1 |       ||     1
       Sacrifice Stealth |       |     1 ||     1
  Use: Potion            |       |     4 ||     4
Armor: Scale mail        |    43 |    32 ||    75
Dodge: Dodged            |    34 |    35 ||    69
Block: Kite shield       |    55 |    41 ||    96
